 Dungeon Crawl Stone Soup version 0.29-a0-323-g050149af67 (webtiles) character file.

Game seed: 16161642830989677605

1138 greenreed the Insei (level 8, -3/60 HPs)
             Began as a Gnoll Transmuter on Apr 10, 2022.
             Was a Priest of Kikubaaqudgha.
             Slain by a killer bee (5 damage)
             ... on level 7 of the Dungeon.
             The game lasted 00:18:57 (5749 turns).

greenreed the Insei (Gnoll Transmuter)              Turns: 5749, Time: 00:18:58

Health: -3/60      AC: 14    Str:  9    XL:     8   Next: 37%
Magic:  15/17      EV: 13    Int: 15    God:    Kikubaaqudgha [***...]
Gold:   261        SH:  0    Dex: 13    Spells: 15/19 levels left

rFire   + . .      SeeInvis .   l - +2 dagger (protect)
rCold   . . .      Faith    .   (no shield)
rNeg    . . .      Spirit   .   m - +3 leather armour
rPois   .          Reflect  .   (helmet currently unavailable)
rElec   .          Harm     .   (no cloak)
rCorr   .          Rampage  .   x - +0 pair of gloves
Will    .....                   (boots currently unavailable)
Stlth   ++........              (no amulet)
HPRegen 0.20/turn               i - ring of protection from fire
MPRegen 0.15/turn               (no ring)

@: lethally poisoned (-3 -> -7), appendages, under a protective aura,
attractive, mesmerised
A: horns 2, talons 2, fangs 1, strong nose, distributed training
a: End Transformation, Renounce Religion, Receive Corpses


You were on level 7 of the Dungeon.
You worshipped Kikubaaqudgha.
Kikubaaqudgha was most pleased with you.
You had temporarily grown beastly horns and talons.
You visited 1 branch of the dungeon, and saw 8 of its levels.

You collected 261 gold pieces.

Inventory:

Hand Weapons
 f - a +0 dagger
 l - a +2 dagger of protection (weapon)
 y - a +2 whip of holy wrath
Missiles
 t - 11 poisoned darts (quivered)
 C - a throwing net
Armour
 a - a +0 robe
 m - a +3 leather armour (worn)
 v - the +7 chain mail "Owe Ipef" {+Blink Str+4 Int-4 SInv}
   (You found it on level 3 of the Dungeon)

   Str:       It affects your strength (+4).
   Int:       It affects your intelligence (-4).
   SInv:      It lets you see invisible.
   +Blink:    It lets you blink.
 x - a +0 pair of gloves (worn)
 B - the +6 scale mail of Nixaawel {Harm Rampage rC- Dex+7}
   (You found it on level 5 of the Dungeon)

   Dex:       It affects your dexterity (+7).
   rC:        It makes you vulnerable to cold.
   Harm:      It increases damage dealt and taken.
   Rampage:   It bestows one free step when moving towards enemies.
 F - the +1 helmet of Incorporation (melded) {rElec rN+ Dex+4}
   (You found it on level 6 of the Dungeon)

   Dex:       It affects your dexterity (+4).
   rElec:     It insulates you from electricity.
   rN:        It protects you from negative energy.
Jewellery
 i - a ring of protection from fire (left hand)
 o - a ring of fire
Scrolls
 c - a scroll of magic mapping {unknown}
 d - 6 scrolls of identify {unknown}
 e - 4 scrolls of immolation {unknown}
 g - a scroll of silence {unknown}
 h - a scroll of torment {unknown}
 k - a scroll of vulnerability {unknown}
 p - 2 scrolls of fog {unknown}
 s - 5 scrolls of teleportation {unknown}
 u - 2 scrolls of amnesia {unknown}
 z - a scroll of blinking {unknown}
 A - 2 scrolls of enchant weapon {unknown}
 D - a scroll of fear {unknown}
 E - a scroll of summoning {unknown}
 G - a scroll of enchant armour {unknown}
Potions
 b - a potion of lignification
 j - 2 potions of brilliance {unknown}
 n - 3 potions of might {unknown}
 q - 2 potions of curing
 r - 2 potions of attraction
 w - a potion of degeneration {unknown}
 H - a potion of mutation {unknown}


   Skills:
 + Level 4.1 Fighting
 + Level 3.2 Short Blades
 + Level 3.2 Long Blades
 + Level 3.2 Axes
 + Level 3.2 Maces & Flails
 + Level 3.2 Polearms
 + Level 3.2 Staves
 + Level 3.2 Slings
 + Level 3.2 Bows
 + Level 3.2 Crossbows
 + Level 3.2 Throwing
 + Level 3.2 Armour
 + Level 5.6 Dodging
 + Level 3.2 Stealth
 + Level 3.2 Shields
 + Level 7.3 Unarmed Combat
 + Level 6.0 Spellcasting
 + Level 2.6 Conjurations
 + Level 2.6 Hexes
 + Level 2.6 Summonings
 + Level 2.6 Necromancy
 + Level 2.6 Translocations
 + Level 4.6 Transmutations
 + Level 2.6 Fire Magic
 + Level 2.6 Ice Magic
 + Level 2.6 Air Magic
 + Level 2.6 Earth Magic
 + Level 2.6 Poison Magic
 + Level 3.5 Invocations
 + Level 3.2 Evocations


You had 15 spell levels left.
You knew the following spells:

 Your Spells              Type           Power      Damage    Failure   Level
a - Beastly Appendage     Tmut           36%        N/A       3%          1
b - Wereblood             Tmut           18%        N/A       4%          2
c - Animate Skeleton      Necr           24%        N/A       7%          1

Your spell library contained the following spells:

 Spells                   Type           Power      Damage    Failure   Level
 Magic Dart               Conj           48%        1d5       7%          1
 Call Imp                 Summ           12%        N/A       11%         2
 Sublimation of Blood     Necr           12%        N/A       11%         2
 Spider Form              Tmut/Pois      15%        N/A       14%         3
 Mephitic Cloud           Conj/Pois/Air  12%        N/A       21%         3
 Vampiric Draining        Necr           12%        2d6       21%         3
 Ice Form                 Ice/Tmut       15%        N/A       41%         4
 Animate Dead             Necr           6%         N/A       56%         4
 Dispel Undead            Necr           12%        3d9       56%         4
 Agony                    Necr           12%        N/A       88%         5
 Borgnjor's Vile Clutch   Necr/Erth      6%         N/A       88%         5
 Excruciating Wounds      Necr           6%         N/A       88%         5
 Death Channel            Necr           6%         N/A       100%        6


Dungeon Overview and Level Annotations

Branches:
Dungeon (8/15)
 Temple: D:4-7         Lair: D:8-11

Altars:
Kikubaaqudgha
Wu Jian

Annotations:
D:6 3 runed translucent doors, MudFish's ghost, novice SpBr
D:7 Maggie


Innate Abilities, Weirdness & Mutations

You have temporarily grown beastly horns and talons.
You have very sharp teeth.
Your uncanny sense of smell can sniff out nearby items.
Your experience applies equally to all skills.


Message History

The killer bee is moderately wounded.
The killer bee stings you but does no damage.
Maggie hits you but does no damage. The killer bee stings you.
* * * LOW HITPOINT WARNING * * *
You closely miss the killer bee. You punch the killer bee.
The killer bee is heavily wounded.
The killer bee closely misses you. Maggie barely misses you.
The howler monkey hoots and howls with incredible vigour!
The killer bee stings you.
* * * LOW HITPOINT WARNING * * *
You hear a shout!
You cannot move away from Maggie!
You hit the killer bee.
You bite the killer bee, but do no damage.
The killer bee is severely wounded.
The killer bee stings you.
* * * LOW HITPOINT WARNING * * *
Maggie misses you.
Casting: Wereblood (safe; 4% risk of failure)
Confirm with . or Enter, or press ? or * to list all spells.
You grow a pair of large bovine horns.
Your feet morph into talons.
The +1 helmet of Incorporation {rElec rN+ Dex+4} melds into your body.
Your primal bloodlust has ended.
The killer bee barely misses you. x2
Maggie hits you from afar with a +1 glaive of pain.
* * * LOW HITPOINT WARNING * * *
You writhe in agony.
* * * LOW HITPOINT WARNING * * *
It was a potion of curing.
You feel better. The killer bee stings you.
* * * LOW HITPOINT WARNING * * *
You are lethally poisoned!
The killer bee poisons you!
The killer bee stings you but does no damage.
Maggie closely misses you.
It was a potion of attraction.
You feel attractive to monsters.
* * * LOW HITPOINT WARNING * * *
You feel sick. The killer bee barely misses you. The killer bee stings you.
You die...
Kikubaaqudgha rasps: "You have failed me!
Welcome... death!"

#.# #.#
#.# ###.##
....###
#.l...
#h@h# #y#
#@# #)#
#.# . ∆
#.####..≈.
#.>.....≈.
######.#≈#


You could see Maggie (mesmerising), a black bear, a howler monkey, an iguana and
a killer bee.

Vanquished Creatures
  A steam dragon (D:7)
  A phantom (D:5)
  A centaur (D:7)
  A kobold brigand (D:7)
  A necrophage (D:6)
  3 scorpions
  2 killer bees (D:7)
  A howler monkey (D:7)
  2 jellies
  2 hounds (D:5)
  An orc priest (D:4)
  An iguana (D:5)
  6 gnolls
  6 adders
  A white imp (D:5)
  3 worms
  4 dart slugs
  13 orcs
  6 ball pythons
  2 bats (D:1)
  6 endoplasms
  4 giant cockroaches
  7 goblins
  12 hobgoblins
  4 quokkas
  A frilled lizard (D:1)
  13 kobolds
  7 rats
112 creatures vanquished.

Vanquished Creatures (collateral kills)
  2 gnolls (D:4)
  2 orcs (D:4)
  2 quokkas (D:4)
6 creatures vanquished.

Grand Total: 118 creatures vanquished

Notes
Turn   | Place    | Note
-------+----------+-------------------------------------------
     0 | D:1      | greenreed the Gnoll Transmuter began the quest for the Orb.
     0 | D:1      | Reached XP level 1. HP: 17/17 MP: 6/6
   167 | D:1      | Reached XP level 2. HP: 22/23 MP: 5/7
   170 | D:1      | Learned a level 2 spell: Wereblood
   682 | D:1      | Reached XP level 3. HP: 26/28 MP: 9/9
   881 | D:1      | Reached skill level 5 in Spellcasting
  1476 | D:2      | Found a faded altar of an unknown god.
  1477 | D:2      | Noticed a floating eye
  1483 | D:2      | Noticed an eye of devastation
  1509 | D:2      | Reached skill level 1 in Invocations
  1591 | D:2      | Noticed a floating eye
  1592 | D:2      | Noticed a floating eye
  1644 | D:2      | Prayed at the altar of an unknown god.
  1644 | D:2      | Became a worshipper of Kikubaaqudgha
  1644 | D:2      | Reached * piety under Kikubaaqudgha
  1644 | D:2      | Received a gift from Kikubaaqudgha
  1791 | D:2      | Reached skill level 1 in Short Blades
  1791 | D:2      | Reached skill level 1 in Long Blades
  1791 | D:2      | Reached skill level 1 in Axes
  1791 | D:2      | Reached skill level 1 in Maces & Flails
  1791 | D:2      | Reached skill level 1 in Polearms
  1791 | D:2      | Reached skill level 1 in Staves
  1791 | D:2      | Reached skill level 1 in Slings
  1791 | D:2      | Reached skill level 1 in Bows
  1791 | D:2      | Reached skill level 1 in Crossbows
  1791 | D:2      | Reached skill level 1 in Throwing
  1791 | D:2      | Reached skill level 1 in Armour
  1791 | D:2      | Reached skill level 1 in Stealth
  1791 | D:2      | Reached skill level 1 in Shields
  1791 | D:2      | Reached skill level 1 in Evocations
  1793 | D:2      | Learned a level 1 spell: Animate Skeleton
  1918 | D:2      | Reached XP level 4. HP: 34/34 MP: 11/11
  2330 | D:3      | Identified the +7 chain mail "Owe Ipef" {+Blink Str+4 Int-4
                  | SInv}
  2375 | D:3      | Reached skill level 1 in Conjurations
  2375 | D:3      | Reached skill level 1 in Hexes
  2375 | D:3      | Reached skill level 1 in Summonings
  2375 | D:3      | Reached skill level 1 in Necromancy
  2375 | D:3      | Reached skill level 1 in Translocations
  2375 | D:3      | Reached skill level 1 in Fire Magic
  2375 | D:3      | Reached skill level 1 in Ice Magic
  2375 | D:3      | Reached skill level 1 in Air Magic
  2375 | D:3      | Reached skill level 1 in Earth Magic
  2375 | D:3      | Reached skill level 1 in Poison Magic
  2806 | D:3      | Noticed a scorpion
  2814 | D:3      | Killed a scorpion
  2815 | D:3      | Reached XP level 5. HP: 41/41 MP: 10/12
  3254 | D:4      | Found an ornate altar of the Wu Jian Council.
  3310 | D:4      | Reached XP level 6. HP: 47/47 MP: 11/13
  3317 | D:4      | Reached ** piety under Kikubaaqudgha
  3617 | D:4      | Reached skill level 5 in Dodging
  4043 | D:5      | Entered Level 5 of the Dungeon
  4355 | D:5      | Identified the +6 scale mail of Nixaawel {Harm Rampage rC-
                  | Dex+7}
  4434 | D:5      | Reached XP level 7. HP: 44/52 MP: 13/15
  4495 | D:5      | Reached skill level 7 in Unarmed Combat
  5477 | D:6      | Identified the +1 helmet of Incorporation {rElec rN+ Dex+4}
  5581 | D:6      | Found a runed translucent gate.
  5581 | D:6      | Found a runed translucent gate.
  5581 | D:6      | Found a runed translucent gate.
  5582 | D:6      | Noticed MudFish's ghost (novice SpBr)
  5642 | D:6      | You fall into a shaft and drop 2 floors!
  5682 | D:7      | Noticed a steam dragon
  5685 | D:7      | Reached *** piety under Kikubaaqudgha
  5685 | D:7      | Received a gift from Kikubaaqudgha
  5698 | D:7      | Reached XP level 8. HP: 60/60 MP: 14/16
  5725 | D:7      | Noticed Maggie
  5747 | D:7      | HP: 3/60 [Maggie/+1 glaive of pain (1)]
  5749 | D:7      | Slain by a killer bee

Illustrated notes

Levels and vault maps discovered:
D:1:      dpeg_arrival_stonehenge_8_columns, layout_loops_corners,
          minmay_tetromino_i4
D:2:      layout_basic, hellmonk_ecumenical_altar_watching_god
D:3:      layout_loops_ring
D:4:      layout_basic, lemuel_tele_altar
D:5:      corexii_shack_village, layout_layer_cave, minmay_crystal_water,
          grunt_decor_junction
D:6:      layout_cave_pods, gammafunk_ghost_split, uniq_prince_ribbit1
D:7:      layout_loops_ring, minmay_temple_entry_water_ring, uniq_maggie
D:8:      layout_basic

Skill      XL: |  1  2  3  4  5  6  7  8 |
---------------+-------------------------+-----
Spellcasting   | 5 6 |  6.0
Invocations    | 1 2 3 |  3.5
Short Blades   | 1 2 3 |  3.2
Long Blades    | 1 2 3 |  3.2
Axes           | 1 2 3 |  3.2
Maces & Flails | 1 2 3 |  3.2
Polearms       | 1 2 3 |  3.2
Staves         | 1 2 3 |  3.2
Slings         | 1 2 3 |  3.2
Bows           | 1 2 3 |  3.2
Crossbows      | 1 2 3 |  3.2
Throwing       | 1 2 3 |  3.2
Armour         | 1 2 3 |  3.2
Stealth        | 1 2 3 |  3.2
Shields        | 1 2 3 |  3.2
Evocations     | 1 2 3 |  3.2
Conjurations   | 1 2 |  2.6
Hexes          | 1 2 |  2.6
Summonings     | 1 2 |  2.6
Necromancy     | 1 2 |  2.6
Translocations | 1 2 |  2.6
Fire Magic     | 1 2 |  2.6
Ice Magic      | 1 2 |  2.6
Air Magic      | 1 2 |  2.6
Earth Magic    | 1 2 |  2.6
Poison Magic   | 1 2 |  2.6
Fighting       | 3 4 |  4.1
Transmutations | 4 |  4.6
Dodging        | 5 |  5.6
Unarmed Combat | 7 |  7.3

Action                   |  1- 3 |  4- 6 |  7- 9 || total
-------------------------+-------+-------+-------++-------
Melee: Unarmed           |     6 |       |       ||     6
       Dagger            |    99 |   156 |   148 ||   403
       Kick              |    10 |    20 |    18 ||    48
       Bite              |     7 |    14 |    14 ||    35
       Headbutt          |    11 |    15 |    13 ||    39
       Punch             |     1 |     8 |    10 ||    19
Throw: Dart              |       |     3 |     2 ||     5
 Cast: Beastly Appendage |    12 |    14 |    11 ||    37
       Wereblood         |     1 |     1 |     5 ||     7
       Animate Skeleton  |     1 |     7 |       ||     8
  Use: Potion            |       |       |     2 ||     2
 Stab: Sleeping          |     5 |     1 |     3 ||     9
Armor: Robe              |    13 |       |       ||    13
       Leather armour    |    10 |    43 |    71 ||   124
Dodge: Dodged            |    64 |    79 |    84 ||   227

Table legend: (Time is in decaauts)
 A = Elapsed time spent in this place.
 B = Non-inter-level travel time spent in this place.
 C = Inter-level travel time spent in this place.
 D = Time resting spent in this place.
 E = Time spent auto-exploring this place.
 F = Levels seen in this place.
 G = Mean time per level.
                   A        B        C        D        E       F      G
               +--------+--------+--------+--------+--------+-----+--------+
         Total |   5710 |   5574 |    136 |      0 |   4468 |   8 |  713.8 |
       Dungeon |   5710 |   5574 |    136 |      0 |   4468 |   8 |  713.8 |
               +--------+--------+--------+--------+--------+-----+--------+

Top non-repeatable levels by time:
     D:5: 1413 daAuts
     D:1: 1366 daAuts
     D:4: 1107 daAuts
     D:3: 958 daAuts
     D:2: 595 daAuts
     D:6: 174 daAuts
     D:7: 84 daAuts
     D:8: 10 daAuts
